 Dungeon Crawl Stone Soup version 0.22.1-1-ga44c0e56f4 (webtiles) character file.

89 Kaderl the Skirmisher (level 4, -2/40 HPs)
             Began as a Hill Orc Fighter on Sept 30, 2018.
             Killed by nerve-wracking pain
             ... invoked by Grinder
              (8 damage)
             ... on level 2 of the Dungeon.
             The game lasted 00:04:43 (1827 turns).

Kaderl the Skirmisher (Hill Orc Fighter)            Turns: 1827, Time: 00:04:43

Health: -2/40      AC: 10    Str: 19    XL:     4   Next: 55%
Magic:  4/4        EV:  3    Int:  8    God:
Gold:   112        SH: 13    Dex: 10    Spells: 3/3 levels left

rFire    . . .     SeeInvis .   a - +1 flail
rCold    . . .     Gourm    .   i - +0 large shield
rNeg     . . .     Faith    .   j - +0 chain mail
rPois    .         Spirit   .   (no helmet)
rElec    .         Reflect  .   (no cloak)
rCorr    .         Harm     .   (no gloves)
MR       .....                  e - +0 pair of boots
Stlth    ..........             (no amulet)
HPRegen  0.13/turn              (no ring)
MPRegen  0.09/turn              (no ring)

@: no status effects
A: no striking features
a: no special abilities


You were on level 2 of the Dungeon.
You were not hungry.

You visited 1 branch of the dungeon, and saw 3 of its levels.

You collected 112 gold pieces.

Inventory:

Hand Weapons
 a - a +1 flail (weapon)
Armour
 e - a +0 pair of boots (worn)
 i - a +0 large shield (worn)
 j - a +0 chain mail (worn)
Jewellery
 l - an uncursed amulet of faith {unknown}
Wands
 b - a wand of iceblast (6)
Scrolls
 k - a scroll of amnesia {unknown}
Potions
 d - a potion of might
 h - a potion of ambrosia
Comestibles
 f - 5 rations


   Skills:
 + Level 4.3 Fighting
 + Level 3.5 Maces & Flails
 + Level 3.8 Armour
 + Level 3.9 Shields


You had 3 spell levels left.
You didn't know any spells.
Your spell library was empty.

Dungeon Overview and Level Annotations

Branches:
Dungeon (3/15)

Altars:

Annotations:
D:2 Grinder


Message History

You suddenly lose the ability to move!
Grinder gestures at you. Pain shoots through your body! Grinder hits you.
You writhe in agony.
You can move again.
You closely miss Grinder. Grinder barely misses you.
You closely miss Grinder. Grinder hits you but does no damage. x2
Your shield and chain mail prevent you from hitting Grinder.
Grinder hits you.
You writhe in agony.
You hit Grinder.
Grinder is lightly wounded.
You block Grinder's attack. Grinder hits you!
* * * LOW HITPOINT WARNING * * *
You writhe in agony.
* * * LOW HITPOINT WARNING * * *
Grinder hits you but does no damage. Grinder gestures at you.
Pain shoots through your body!
You die...

..........#......# #####
#...###.#........###### #...#
##.## #.##............#####...#
##.# #..##...............#...#
##.#####.##......####.....#...###
...(..##.#####.........#........#
.####.##..####.5..^....###......#
## #.###...##.........##......##
# #..####..#..@.........#...## #
##..####.#..<......#......#
#######.##....................#
...........#.#.........##..####
##..####.###...........#...#
......##...#.#............###
#####........#..........#...#
#####......##.####..###.#
#####..#..#...># #..###.#####


You could see Grinder.

Vanquished Creatures
  A worker ant (D:2)
  2 oozes
  6 orcs (D:3)
  6 goblins
  4 hobgoblins
  7 jackals
  A ball python (D:1)
  6 bats
  2 frilled lizards
  8 kobolds
  6 rats
49 creatures vanquished.

Notes
Turn   | Place    | Note
-------+----------+-------------------------------------------
     0 | D:1      | Kaderl the Hill Orc Fighter began the quest for the Orb.
     0 | D:1      | Reached XP level 1. HP: 19/19 MP: 1/1
    75 | D:1      | HP: 1/20 [kobold/short sword of protection (3)]
   440 | D:1      | Reached XP level 2. HP: 25/27 MP: 2/2
   620 | D:1      | Reached skill level 4 in Fighting
   739 | D:1      | Reached XP level 3. HP: 20/33 MP: 3/3
  1352 | D:2      | Reached XP level 4. HP: 28/40 MP: 4/4
  1500 | D:3      | Noticed Grinder
  1517 | D:2      | Paralysed by Grinder for 3 turns
  1817 | D:2      | Paralysed by Grinder for 4 turns
  1827 | D:2      | Killed from afar by Grinder

Skill      XL: |  1  2  3 |
---------------+----------+-----
Fighting       | 4 |  4.3
Maces & Flails | 3 |  3.5
Armour         | |  3.8
Shields        | |  3.9

Action                   |  1- 3 |  4- 6 || total
-------------------------+-------+-------++-------
Melee: Flail             |   146 |    27 ||   173
  Use: Scroll            |     2 |     1 ||     3
  Eat: Ration            |     1 |       ||     1
Armor: Scale mail        |    77 |       ||    77
       Chain mail        |    12 |    25 ||    37
Dodge: Dodged            |    41 |     9 ||    50
Block: Shield            |    59 |       ||    59
       Large shield      |    75 |    42 ||   117
